 Dungeon Sprint DCSS version 0.27-a0-1572-gacd6f1ce93 (webtiles) character file.

Game seed: 14614874806141422617

2086 Conn the Arsonist (level 9, -4/51 HPs)
             Began as an Octopode Fire Elementalist on July 17, 2021.
             Was a Priest of Sif Muna.
             Slain by a hellwing (10 damage)
             ... summoned by an orc high priest
             ... in the Dungeon (Sprint III: "The Ten Rune Challenge").
             The game lasted 00:11:46 (2022 turns).

Conn the Arsonist (Octopode Fire Elementalist)      Turns: 2022, Time: 00:11:46

Health: -4/51      AC:  1    Str:  7    XL:     9   Next: 27%
Magic:  19/23      EV: 16    Int: 20    God:    Sif Muna [***...]
Gold:   17         SH:  0    Dex: 13    Spells: 10/28 levels left

rFire    . . .     SeeInvis .   o - +1 long sword (holy)
rCold    . . .     Faith    .   (no shield)
rNeg     . . .     Spirit   .   (helmet restricted)
rPois    .         Reflect  .   (no amulet)
rElec    .         Harm     .   (no ring)
rCorr    .         Rampage  .   (no ring)
Will     .....     NoTele   +   (no ring)
Stlth    ++++......             (no ring)
HPRegen  0.17/turn              (no ring)
MPRegen  0.18/turn              (no ring)
                                (no ring)
                                (no ring)

@: no status effects
A: almost no armour, amphibious, 8 rings, camouflage 1, gelatinous body 1,
(nimble swimmer 1), tentacles
a: Renounce Religion, Channel Magic, Forget Spell


You were in the Dungeon.
You worshipped Sif Muna.
Sif Muna was most pleased with you.
You visited 1 branch You collected 17 gold pieces.

Inventory:

Hand Weapons
 m - a +0 dagger
 o - a +1 long sword of holy wrath (weapon)
Wands
 n - a wand of digging (4)
Scrolls
 f - a scroll of blinking
 h - 2 scrolls of enchant armour {unknown}
 i - 2 scrolls of torment {unknown}
 j - a scroll of identify {unknown}
Potions
 a - a potion of curing
 c - a potion of haste
 d - a potion of magic
 e - a potion of berserk rage
 g - a potion of ambrosia {unknown}
 k - 4 potions of flight
 l - 6 potions of mutation


   Skills:
 + Level 0.4 Long Blades
 + Level 7.2 Dodging
 + Level 7.2 Stealth
 + Level 10.1 Spellcasting
 + Level 6.9 Conjurations
 + Level 2.2 Hexes
 + Level 13.5 Fire Magic


You had 10 spell levels left.
You knew the following spells:

 Your Spells              Type           Power      Damage    Failure   Level
a - Foxfire               Conj/Fire      100%       2x1d9     1%          1
b - Conjure Flame         Conj/Fire      50%        6-21      1%          3
c - Inner Flame           Hex/Fire       41%        N/A       1%          3
d - Sticky Flame          Conj/Fire      50%        2d7       1%          4
e - Fireball              Conj/Fire      25%        3d11      2%          5
f - Slow                  Hex            18%        N/A       4%          2

Your spell library contained the following spells:

 Spells                   Type           Power      Damage    Failure   Level
 Confusing Touch          Hex            18%        N/A       9%          3
 Frozen Ramparts          Ice            20%        1d4       21%         3
 Vampiric Draining        Necr           5%         2d6       21%         3
 Ice Form                 Ice/Tmut       10%        N/A       56%         4
 Summon Ice Beast         Ice/Summ       10%        N/A       56%         4


Dungeon Overview and Level Annotations

Branches:
Dungeon (1/1)

Altars:
Cheibriados
Dithmenos
Elyvilon
Fedhas
Gozag
Hepliaklqana
Kikubaaqudgha
Makhleb
Nemelex Xobeh
Okawaru
Qazlal
Ru
Sif Muna
Trog
Uskayaw
Vehumet
Wu Jian
Xom
Yredelemnul
Zin
The Shining One
Beogh
Jiyva
Lugonu

Shops:
D [


Innate Abilities, Weirdness & Mutations

You cannot wear most types of armour.
You are amphibious.
You can wear up to eight rings at the same time.
Your skin changes colour to match your surroundings (Stealth+).
Your rubbery body absorbs attacks. (AC +1, EV +1)
((You are camouflaged near water. (Stealth+)))
You have tentacles for arms and can constrict up to eight enemies at once.


Message History

Aiming: Fireball (dangerous; 2% risk of failure)
Press: ? - help, Shift-Dir - straight line The fireball explodes!
The tree burns like a torch!
The fireball engulfs the orc high priest!
The orc high priest is heavily wounded.
The hellwing misses you.
You riposte.
You barely miss the hellwing.
You squeeze the hellwing, but do no damage.
The hellwing hits you!
Casting: Fireball (dangerous; 2% risk of failure)
Confirm with . or Enter, or press ? or * to list all spells.
Aiming: Fireball (dangerous; 2% risk of failure)
Press: ? - help, Shift-Dir - straight line The fireball explodes!
The fireball engulfs the orc high priest!!
The orc high priest is severely wounded.
The orc high priest is engulfed in a cloud of scalding steam.
The orc high priest prays to Beogh.
The hellwing hits you! The hellwing closely misses you.
The orc high priest is engulfed in a cloud of scalding steam.
The orc high priest mumbles some strange prayers to Beogh.
The orc high priest is healed somewhat.
Magic courses through your body. The hellwing hits you!
The hellwing closely misses you.
The forest fire spreads!
Casting: Fireball (dangerous; 2% risk of failure)
Confirm with . or Enter, or press ? or * to list all spells.
Aiming: Fireball (dangerous; 2% risk of failure)
Press: ? - help, Shift-Dir - straight line
Okay, then.
Unknown command.
The soul eater draws from the surrounding life force!
The hellwing barely misses you.
You riposte.
You hit the hellwing but do no damage. The hellwing misses you.
Casting: Fireball (dangerous; 2% risk of failure)
Confirm with . or Enter, or press ? or * to list all spells.
Aiming: Fireball (dangerous; 2% risk of failure)
Press: ? - help, Shift-Dir - straight line The fireball explodes!
The hellwing hits you!
* * * LOW HITPOINT WARNING * * *
The hellwing hits you!
You die...

▓<.#..'...♣♣♣♣ ♣.######
▓..#..#....♣.♣ ♣♣.#___#_
▓#'####.....♣♣§♣..#...#_
▓.....#....§§§♣♣..###'#'
▓.....#...≈≈§§4...#.....
▓.....#..≈≈§≈3..♣.+.§))4
▓####'#..≈§§§≈≈♣♣.#...##
▓.....#.4)§o≈≈....#.⌠.#_
▓.....#@≈≈§§≈.....#...#_
▓.....#.≈≈≈.......#'###v
▓'#####...........#.).#_
▓.................#___#_
▓▓▓▓▓▓▓▓▓▓▓▓▓▓▓▓▓▓▓▓▓▓▓▓


You could see an orc high priest and a hellwing (summoned).

Vanquished Creatures
  An orc knight (D)
  A deep elf pyromancer (D)
  A shadow (D)
  A necrophage (D)
  3 two-headed ogres (D)
  A water elemental (D)
  A jelly (D)
  2 orc priests (D)
  A wizard (D)
  2 orc wizards (D)
  A necromancer (D)
  3 humans (D)
  A kobold demonologist (D)
  A phantom (D)
  3 orcs (D)
  An endoplasm (D)
  3 rats (D)
27 creatures vanquished.

Vanquished Creatures (others)
  93 foxfires (D)
  A plant (D)
94 creatures vanquished.

Grand Total: 121 creatures vanquished

Notes
Turn   | Place    | Note
-------+----------+-------------------------------------------
     0 | D        | Conn the Octopode Fire Elementalist began the quest for the
                  | Orb.
     0 | D        | Reached XP level 1. HP: 11/11 MP: 3/3
   148 | D        | Reached skill level 5 in Fire Magic
   148 | D        | Reached XP level 2. HP: 17/17 MP: 0/6
   156 | D        | Reached XP level 3. HP: 21/21 MP: 0/7
   160 | D        | Learned a level 3 spell: Conjure Flame
   164 | D        | Learned a level 3 spell: Inner Flame
   243 | D        | Noticed a water elemental
   256 | D        | Killed a water elemental
   257 | D        | Reached skill level 6 in Fire Magic
   257 | D        | Reached XP level 4. HP: 7/27 MP: 2/10
   474 | D        | Learned a level 4 spell: Sticky Flame
   486 | D        | Found a hide-covered altar of Uskayaw.
   486 | D        | Found an iron altar of Okawaru.
   486 | D        | Found a bloodstained altar of Trog.
   486 | D        | Found an ornate altar of the Wu Jian Council.
   486 | D        | Noticed a human
   486 | D        | Noticed a human
   507 | D        | Killed a human
   508 | D        | Reached skill level 5 in Stealth
   508 | D        | Reached skill level 5 in Spellcasting
   508 | D        | Reached skill level 8 in Fire Magic
   508 | D        | Reached XP level 5. HP: 31/31 MP: 8/12
   579 | D        | Killed a human
   580 | D        | Reached skill level 5 in Dodging
   580 | D        | Reached skill level 10 in Fire Magic
   580 | D        | Reached XP level 6. HP: 25/36 MP: 10/15
   694 | D        | Found a basalt altar of Yredelemnul.
   694 | D        | Found a shadowy altar of Dithmenos.
   694 | D        | Found a sacrificial altar of Ru.
   694 | D        | Noticed a necrophage
   700 | D        | Killed a necrophage
   701 | D        | Reached XP level 7. HP: 41/41 MP: 12/17
   750 | D        | Found a glowing silver altar of Zin.
   750 | D        | Found a glowing golden altar of the Shining One.
   750 | D        | Found a white marble altar of Elyvilon.
   751 | D        | Noticed a deep elf pyromancer
   768 | D        | Killed a deep elf pyromancer
   769 | D        | Reached skill level 11 in Fire Magic
   769 | D        | Reached XP level 8. HP: 32/46 MP: 14/20
   884 | D        | Found a radiant altar of Vehumet.
   884 | D        | Found a shimmering blue altar of Sif Muna.
   884 | D        | Found an ancient bone altar of Kikubaaqudgha.
   893 | D        | Learned a level 5 spell: Fireball
   895 | D        | Reached skill level 12 in Fire Magic
   905 | D        | Became a worshipper of Sif Muna the Loreminder
   975 | D        | Learned a level 2 spell: Slow
   976 | D        | Killed a shadow
   977 | D        | Reached skill level 5 in Conjurations
  1020 | D        | Found a blossoming altar of Fedhas.
  1020 | D        | Found a stormy altar of Qazlal.
  1020 | D        | Found a snail-covered altar of Cheibriados.
  1020 | D        | Found a burning altar of Makhleb.
  1020 | D        | Found a shimmering altar of Xom.
  1021 | D        | Found a hazy altar of Hepliaklqana.
  1021 | D        | Found an opulent altar of Gozag.
  1021 | D        | Found a sparkling altar of Nemelex Xobeh.
  1021 | D        | Found a corrupted altar of Lugonu.
  1021 | D        | Found a viscous altar of Jiyva.
  1495 | D        | Reached * piety under Sif Muna
  1645 | D        | Noticed a two-headed ogre
  1671 | D        | Killed a two-headed ogre
  1672 | D        | Reached skill level 1 in Hexes
  1763 | D        | Found Uvvopt's Antique Armour Boutique.
  1763 | D        | Noticed an orc high priest
  1763 | D        | Noticed an orc knight
  1782 | D        | Reached ** piety under Sif Muna
  1814 | D        | Killed an orc knight
  1815 | D        | Reached skill level 10 in Spellcasting
  1815 | D        | Reached skill level 13 in Fire Magic
  1815 | D        | Reached XP level 9. HP: 48/51 MP: 0/23
  1979 | D        | Reached *** piety under Sif Muna
  1997 | D        | Noticed a hellwing
  2019 | D        | Noticed an ice devil
  2020 | D        | Noticed a soul eater
  2022 | D        | Slain by a hellwing

Illustrated notes

Levels and vault maps discovered:
D:        dungeon_sprint_mu [sprint_mu_entry_forest, sprint_mu_temple_rooms,
          sprint_mu_d1_spiders, sprint_mu_d2_genie, sprint_mu_d3_branching,
          sprint_mu_orc_legion, sprint_mu_elf_gauntlet, sprint_mu_hive_nellie,
          sprint_mu_lair_fedhas, sprint_mu_vaults_butterflies,
          sprint_mu_slime_circle, sprint_mu_swamp_cave, sprint_mu_snake_twists,
          sprint_mu_blade_basic, sprint_mu_crypt_fortress,
          sprint_mu_tomb_spiral, sprint_mu_vestibule_basic,
          sprint_mu_gehenna_hellfire, sprint_mu_dis_giant,
          sprint_mu_tartarus_statrot, sprint_mu_cocytus_islands, sprint_mu_zot1]

Skill      XL: |  1  2  3  4  5  6  7  8 |
---------------+-------------------------+-----
Stealth        | 3 4 5 6 7 |  7.2
Spellcasting   | 3 4 5 6 8 10 | 10.1
Fire Magic     | 5 6 8 10 11 13 | 13.5
Dodging        | 3 4 5 6 7 |  7.2
Conjurations   | 2 3 4 6 |  6.9
Hexes          | 2 |  2.2
Long Blades    | |  0.4

Action                   |  1- 3 |  4- 6 |  7- 9 || total
-------------------------+-------+-------+-------++-------
Melee: Long sword        |       |       |    10 ||    10
       Tentacles         |       |       |     2 ||     2
       Constrict         |       |       |     1 ||     1
 Cast: Foxfire           |    17 |    11 |    27 ||    55
       Conjure Flame     |     1 |       |     5 ||     6
       Inner Flame       |       |     1 |     4 ||     5
       Fireball          |       |       |    16 ||    16
       Sticky Flame      |       |       |     1 ||     1
       Slow              |       |       |     2 ||     2
  Use: Potion            |       |       |     3 ||     3
Armor: Skin              |     1 |       |       ||     1
Dodge: Dodged            |     5 |     4 |    15 ||    24
       Rpst.: Long sword |       |       |     2 ||     2

Table legend: (Time is in decaauts)
 A = Elapsed time spent in this place.
 B = Non-inter-level travel time spent in this place.
 C = Inter-level travel time spent in this place.
 D = Time resting spent in this place.
 E = Time spent auto-exploring this place.
 F = Levels seen in this place.
 G = Mean time per level.
                   A        B        C        D        E       F      G
               +--------+--------+--------+--------+--------+-----+--------+
         Total |   2025 |   2025 |      0 |   1226 |     33 |   1 | 2025.0 |
       Dungeon |   2025 |   2025 |      0 |   1226 |     33 |   1 | 2025.0 |
               +--------+--------+--------+--------+--------+-----+--------+

Top non-repeatable levels by time:
       D: 2025 daAuts
